 Dungeon Crawl Stone Soup version bcrawl-1.39.1 (webtiles) character file.

Game seed: 4103066375402419864

450285 Finalfun the Covert (level 13, -1/100 HPs)
             Began as a Gnoll Archaeologist on Sept 23, 2023.
             Was an Initiate of Gozag.
             Slain by an anaconda (2 damage)
             ... on level 6 of the Lair of Beasts.
             The game lasted 01:00:09 (15611 turns).

Finalfun the Covert (Gnoll Archaeologist)          Turns: 15611, Time: 01:00:10

Health: -1/100     AC: 14    Str: 25    XL:     13   Next: 79%
Magic:  23/25      EV: 10    Int: 17    God:    Gozag
Gold:   3878       SH: 12    Dex: 13    Spells: 17/28 levels left

rFire    . . .     GDR:     32% a - +0 war axe (chop)
rCold    + . .     SeeInvis .   R - +0 medium shield
rNeg     . . .     Gourm    .   Q - +0 scale mail {rC+}
rPois    .         Faith    .   H - +0 hat {MR+}
rElec    .         Spirit   .   v - scarf {clouds}
rCorr    .         Reflect  .   l - +2 pair of gloves
MR       +....                  j - +1 pair of boots
Stlth    +++.......             o - amulet of regeneration
HPRegen  0.95/turn              L - ring of wizardry
MPRegen  0.19/turn              P - +6 ring of strength

@: gold aura, constricted
A: distributed training, fangs 1, strong nose
a: Potion Petition, Call Merchant, Bribe Branch, Renounce Religion, Evoke Fog


You were on level 6 of the Lair of Beasts.
You worshipped Gozag.
Gozag was most pleased with you.
You were very hungry.

You visited 2 branches of the dungeon, and saw 16 of its levels.
You also visited: Ossuary and Volcano.

You collected 5844 gold pieces.
You spent 623 gold pieces at shops.
You paid 1343 gold pieces to Gozag.

Inventory:

Hand Weapons
 a - a +0 war axe of chopping (weapon)
 b - a +0 blowgun
 S - a +0 quarterstaff of freezing
Missiles
 f - 6 curare-tipped needles
 h - 282 poisoned needles
 s - 2036 stones (quivered)
 M - 2 throwing nets {=f}
 X - 6 arrows
Armour
 j - a +1 pair of boots (worn)
 l - a +2 pair of gloves (worn)
 v - a scarf of clouds (worn)
 H - a +0 hat of magic resistance (worn)
 Q - a +0 scale mail of cold resistance (worn)
 R - a +0 medium shield (worn)
Jewellery
 c - an uncursed ring of see invisible
 o - an amulet of regeneration (around neck)
 F - an uncursed ring of positive energy
 L - a ring of wizardry (left hand)
 P - a +6 ring of strength (right hand)
 T - an uncursed ring of protection from cold
Wands
 d - a wand of random effects (10)
 u - a wand of iceblast (9)
 w - a wand of polymorph (7)
 A - a wand of digging (7)
 K - a wand of clouds (1)
 N - a wand of paralysis (14)
Scrolls
 g - 4 scrolls of revelation
 i - 3 scrolls of identify
 k - 2 scrolls of amnesia
 p - 5 scrolls of teleportation
 r - 2 scrolls of vulnerability {unknown}
 t - 4 scrolls of enchant weapon {unknown}
 x - a scroll of silence {unknown}
 y - 6 scrolls of fear
 z - 5 scrolls of immolation
 C - a scroll of enchant armour
 D - a scroll of torment
 E - 5 scrolls of remove curse
 J - a scroll of noise {unknown}
Potions
 m - 4 potions of curing
 n - 3 potions of flight
 q - 2 potions of haste
 B - 3 potions of mutation
 G - 3 potions of brilliance
 I - a potion of ambrosia
 O - 2 potions of might {unknown}
 U - 2 potions of lignification
 V - 2 potions of agility {unknown}
 W - a potion of magic {unknown}
Comestibles
 e - 15 rations {!d}


   Skills:
 + Level 8.9 Fighting
 + Level 8.4 Short Blades
 + Level 8.4 Long Blades
 + Level 8.4 Axes
 + Level 8.9 Maces & Flails
 + Level 8.4 Polearms
 + Level 8.4 Staves
 + Level 8.4 Slings
 + Level 8.4 Bows
 + Level 8.4 Crossbows
 + Level 8.4 Throwing
 + Level 8.4 Armour
 + Level 10.6 Dodging
 + Level 10.6 Stealth
 + Level 8.4 Shields
 + Level 8.4 Unarmed Combat
 + Level 8.4 Spellcasting
 + Level 7.0 Conjurations
 + Level 7.0 Hexes
 + Level 7.0 Charms
 + Level 7.0 Summonings
 + Level 7.0 Necromancy
 + Level 7.0 Translocations
 + Level 7.0 Transmutations
 + Level 7.0 Fire Magic
 + Level 7.0 Ice Magic
 + Level 7.0 Air Magic
 + Level 7.0 Earth Magic
 + Level 7.0 Poison Magic
 + Level 9.2 Invocations
 + Level 8.4 Evocations


You had 17 spell levels left.
You knew the following spells:

 Your Spells              Type           Power        Failure   Level  Hunger
a - Petrify               Tmut/Erth      ####......   28%         4    ###....
b - Lee's Rapid Deconstr  Erth           ####......   61%         5    #####..
c - Sticks to Snakes      Tmut           ####....     4%          2    None

Your spell library contained the following spells:

 Spells                   Type           Power        Failure   Level  Hunger
 Beastly Appendage        Tmut           ####..       3%          1    None
 Sandblast                Erth           ####..       3%          1    None
 Summon Small Mammal      Summ           ####         3%          1    None
 Call Imp                 Summ           ####..       4%          2    None
 Ensorcelled Hibernation  Hex/Ice        ####..       4%          2    None
 Passwall                 Tmut/Erth      ####....     4%          2    None
 Call Canine Familiar     Summ           ####....     9%          3    None
 Spider Form              Tmut/Pois      ###          9%          3    None
 Stone Arrow              Conj/Erth      ####..       9%          3    None
 Ice Form                 Ice/Tmut       ####....     28%         4    ###....
 Summon Ice Beast         Ice/Summ       ####....     28%         4    ###....
 Blade Hands              Tmut           ####......   61%         5    #####..
 Summon Lightning Spire   Summ/Air       ####....     61%         5    #####..
 Borgnjor's Vile Clutch   Necr/Erth      ####......   98%         6    ######.
 Darkness                 Hex            ####......   98%         6    ######.
 Infestation              Hex/Tmut/Pois  ####.....    98%         6    ######.
 Shadow Creatures         Summ           N/A          100%        7    #######
 Time Stop                Chrm/Tloc      N/A          100%        8    #######


Dungeon Overview and Level Annotations

Branches:
Dungeon (10/12)            Temple (0/1) D:5            Lair (6/6) D:8
  Swamp (0/3) Lair:2       Shoals (0/3) Lair:3       Forest (0/3) Lair:5
    Orc: D:8-11

Altars:
Dithmenos
Elyvilon
Gozag
Hepliaklqana
Kikubaaqudgha
Lugonu
Makhleb
Okawaru
Ru
Sif Muna
Uskayaw
Vehumet
Wu Jian
The Shining One

Portals:
Trove: D:9 (give 5 potions of resistance)

Annotations:
D:2 Sigmund
Lair:2 exclusion: 3 oklob plants
Lair:3 exclusion: 3 hogs, Kirke, Sonja


Innate Abilities, Weirdness & Mutations

Your experience applies equally to all skills.
You have very sharp teeth.
Your uncanny sense of smell can sniff out nearby items.


Message History

You now have insufficient arrows remaining to make any more snakes.
Your ball python misses the anaconda.
Your ball python barely misses the anaconda.
The anaconda is no longer distracted by gold.
Your ball python closely misses the anaconda. x2
Your ball python closely misses the anaconda.
The anaconda barely misses you. x2
The anaconda grabs you. You block the anaconda's attack.
* * * LOW HITPOINT WARNING * * *
The anaconda constricts you.
Your ball python misses the anaconda.
Okay, then.
The anaconda's grasp on you weakens, but your attempt to escape fails.
The anaconda bites you!
* * * LOW HITPOINT WARNING * * *
The anaconda constricts you.
Your ball python misses the anaconda.
Your ball python barely misses the anaconda.
Your ball python closely misses the anaconda.
The anaconda bites you but does no damage.
You die...
Your body crumbles into a pile of gold.

##...#.#.....................
#.⌠.#............$..........
.#+.+........................
.............................
.....................#.......
...# ........................
##.###.........SSS..P##....#.
#...............SS.### .###
#...............@.## #
#................##
#...............##
....P..........##
..............##
..............#
..........P#### .........P##
.........##


You could see an anaconda and 4 friendly ball pythons.

Vanquished Creatures
  Gastronok (Lair:2)
  Harold (D:9)
  4 hydras
  Fannar (Lair:1)
  An anaconda (Lair:6)
  Pikel (D:9)
  An ugly thing (Volcano)
  3 elephants (Lair:2)
  4 black mambas
  A guardian serpent (D:8)
  A torpor snail (Lair:2)
  9 cane toads
  6 komodo dragons
  A guardian mummy (D:9)
  A troll (D:8)
  A polar bear (Lair:5)
  2 bog bodies (Lair:2)
  A raiju (Lair:6)
  12 blink frogs
  4 dream sheep (Lair:5)
  4 hippogriffs
  A wraith (Ossuary)
  13 yaks
  2 wyverns
  4 hogs (D:7)
  A hungry ghost (D:7)
  2 basilisks
  A human (D:7)
  A warg (Lair:6)
  14 crocodiles
  4 hell hounds
  11 water moccasins
  6 porcupines
  6 orc warriors
  5 ice beasts
  2 sky beasts
  4 ogres
  4 black bears
  A necrophage (D:8)
  16 wolves
  4 phantoms
  A kobold brigand (D:6)
  Blork the orc (D:4)
  6 bullfrogs
  3 centaurs
  A water moccasin zombie (D:7)
  4 scorpions
  2 wyvern skeletons
  5 wights (D:7)
  A howler monkey (D:6)
  4 orc priests
  4 crimson imps
  A bullfrog zombie (D:8)
  8 hounds
  A jelly (D:7)
  A quasit (D:8)
  Ijyb (D:3)
  2 iguanas
  11 worker ants
  12 orc wizards
  A killer bee zombie (D:6)
  A hound zombie (D:3)
  4 mummies
  A howler monkey zombie (D:6)
  A worker ant zombie (D:8)
  4 gnolls (D:4)
  7 adders
  A white imp (D:6)
  An ooze (D:1)
  An adder zombie (D:8)
  6 worms
  3 dart slugs
  5 leopard geckos
  54 orcs
  5 giant cockroaches
  12 goblins
  11 hobgoblins
  23 jackals
  10 kobolds
  5 quokkas
  2 bats (D:2)
  4 frilled lizards
  A goblin skeleton (D:6)
  8 goblin zombies
  6 hobgoblin zombies
  A jackal zombie (D:6)
  A kobold zombie (Ossuary)
  3 orc zombies (D:6)
  11 rats
  3 plants
427 creatures vanquished.

Vanquished Creatures (collateral kills)
  A blink frog (Lair:6)
1 creature vanquished.

Vanquished Creatures (others)
  A slave (D:9)
  A bullfrog (D:9)
  An adder (D:9)
  6 fungi
  14 plants
23 creatures vanquished.

Grand Total: 451 creatures vanquished

Notes
Turn   | Place    | Note
-------+----------+-------------------------------------------
     0 | D:1      | Finalfun the Gnoll Archaeologist began the quest for the
                  | Orb.
     0 | D:1      | Reached XP level 1. HP: 17/17 MP: 1/1
    70 | D:1      | Reached XP level 2. HP: 23/23 MP: 2/2
   162 | D:1      | Reached XP level 3. HP: 18/28 MP: 3/3
   692 | D:1      | Reached skill level 1 in Invocations
   762 | D:2      | Noticed Sigmund
   898 | D:2      | Found an opulent altar of Gozag.
   910 | D:2      | Became a worshipper of Gozag Ym Sagoz the Greedy
   937 | D:2      | Reached skill level 1 in Short Blades
   937 | D:2      | Reached skill level 1 in Long Blades
   937 | D:2      | Reached skill level 1 in Axes
   937 | D:2      | Reached skill level 1 in Polearms
   937 | D:2      | Reached skill level 1 in Staves
   937 | D:2      | Reached skill level 1 in Slings
   937 | D:2      | Reached skill level 1 in Bows
   937 | D:2      | Reached skill level 1 in Crossbows
   937 | D:2      | Reached skill level 1 in Throwing
   937 | D:2      | Reached skill level 1 in Armour
   937 | D:2      | Reached skill level 1 in Shields
   937 | D:2      | Reached skill level 1 in Unarmed Combat
   937 | D:2      | Reached skill level 1 in Spellcasting
   937 | D:2      | Reached skill level 1 in Evocations
   951 | D:2      | Noticed a scorpion
   964 | D:2      | Killed a scorpion
   965 | D:2      | Reached skill level 1 in Conjurations
   965 | D:2      | Reached skill level 1 in Hexes
   965 | D:2      | Reached skill level 1 in Charms
   965 | D:2      | Reached skill level 1 in Summonings
   965 | D:2      | Reached skill level 1 in Necromancy
   965 | D:2      | Reached skill level 1 in Translocations
   965 | D:2      | Reached skill level 1 in Transmutations
   965 | D:2      | Reached skill level 1 in Fire Magic
   965 | D:2      | Reached skill level 1 in Ice Magic
   965 | D:2      | Reached skill level 1 in Air Magic
   965 | D:2      | Reached skill level 1 in Earth Magic
   965 | D:2      | Reached skill level 1 in Poison Magic
   965 | D:2      | Reached XP level 4. HP: 17/34 MP: 5/5
  1162 | D:2      | Reached XP level 5. HP: 40/40 MP: 6/6
  1162 | D:2      | Identified a scroll of acquirement
  1162 | D:2      | Identified the +5 shortbow "Myblouc" {elec, MR+ Stlth+}
                  | (You acquired it on level 2 of the Dungeon)
  1162 | D:2      | Identified the ring of Zidyan {rC+ rN+ Str-5 SInv} (You
                  | acquired it on level 2 of the Dungeon)
  1162 | D:2      | Identified Finalfun's Papyrus of Hexes and Good Luck (You
                  | acquired it on level 2 of the Dungeon)
  1572 | D:3      | Noticed an ogre
  1581 | D:3      | Killed an ogre
  1582 | D:3      | Reached XP level 6. HP: 37/47 MP: 8/8
  1715 | D:3      | Found a hide-covered altar of Uskayaw.
  1835 | D:3      | Found a faded altar of an unknown god.
  1883 | D:3      | Found a radiant altar of Vehumet.
  2311 | D:3      | Noticed Ijyb
  2323 | D:3      | Killed Ijyb
  3000 | D:4      | Noticed Blork the orc
  3012 | D:4      | Killed Blork the orc
  3013 | D:4      | Reached XP level 7. HP: 45/52 MP: 10/10
  3352 | D:4      | Found an ancient bone altar of Kikubaaqudgha.
  3623 | D:4      | Reached XP level 8. HP: 60/60 MP: 12/12
  3897 | D:4      | Found a sacrificial altar of Ru.
  3956 | D:5      | Entered Level 5 of the Dungeon
  4374 | D:5      | Found a white marble altar of Elyvilon.
  4478 | D:5      | Found Paxukay's Magic Scroll Shoppe.
  4486 | D:5      | Bought 2 scrolls of revelation for 104 gold pieces
  4486 | D:5      | Bought a scroll of remove curse for 39 gold pieces
  4486 | D:5      | Bought a scroll of identify for 26 gold pieces
  4486 | D:5      | Bought 2 scrolls of teleportation for 78 gold pieces
  4486 | D:5      | Bought a scroll of enchant armour for 97 gold pieces
  4486 | D:5      | Bought a scroll of identify for 26 gold pieces
  4486 | D:5      | Bought 2 scrolls of immolation for 91 gold pieces
  4486 | D:5      | Bought a scroll of torment for 97 gold pieces
  4486 | D:5      | Bought a scroll of fear for 65 gold pieces
  4567 | D:5      | Found an ornate altar of the Wu Jian Council.
  4626 | D:5      | Reached XP level 9. HP: 66/66 MP: 14/14
  4702 | D:5      | Found a staircase to the Ecumenical Temple.
  4990 | D:6      | Found a sand-covered staircase.
  4996 | Ossuary  | Entered an ossuary
  5452 | D:6      | Reached skill level 5 in Fighting
  5452 | D:6      | Reached skill level 5 in Maces & Flails
  5518 | D:6      | Found a glowing golden altar of the Shining One.
  5787 | D:6      | Reached skill level 5 in Invocations
  6354 | D:7      | Reached XP level 10. HP: 68/74 MP: 17/17
  6451 | D:7      | Reached skill level 5 in Short Blades
  6451 | D:7      | Reached skill level 5 in Long Blades
  6451 | D:7      | Reached skill level 5 in Axes
  6451 | D:7      | Reached skill level 5 in Polearms
  6451 | D:7      | Reached skill level 5 in Staves
  6451 | D:7      | Reached skill level 5 in Slings
  6451 | D:7      | Reached skill level 5 in Bows
  6451 | D:7      | Reached skill level 5 in Crossbows
  6451 | D:7      | Reached skill level 5 in Throwing
  6451 | D:7      | Reached skill level 5 in Armour
  6451 | D:7      | Reached skill level 5 in Shields
  6451 | D:7      | Reached skill level 5 in Unarmed Combat
  6451 | D:7      | Reached skill level 5 in Spellcasting
  6451 | D:7      | Reached skill level 5 in Evocations
  7043 | D:7      | Found a shimmering blue altar of Sif Muna.
  7581 | D:8      | Found a shimmering blue altar of Sif Muna.
  7775 | D:8      | Noticed Psyche
  7776 | D:8      | Noticed Psyche
  7776 | D:8      | Psyche changed into Psyche the guardian serpent
  7815 | D:8      | Killed Psyche the guardian serpent
  7816 | D:8      | Reached XP level 11. HP: 33/82 MP: 19/19
  8314 | D:8      | Found a staircase to the Lair.
  8647 | D:9      | Noticed Pikel
  8650 | D:9      | Killed Pikel
  8679 | D:9      | Found a portal to a secret trove of treasure.
  8708 | D:9      | Reached skill level 5 in Conjurations
  8708 | D:9      | Reached skill level 5 in Hexes
  8708 | D:9      | Reached skill level 5 in Charms
  8708 | D:9      | Reached skill level 5 in Summonings
  8708 | D:9      | Reached skill level 5 in Necromancy
  8708 | D:9      | Reached skill level 5 in Translocations
  8708 | D:9      | Reached skill level 5 in Transmutations
  8708 | D:9      | Reached skill level 5 in Fire Magic
  8708 | D:9      | Reached skill level 5 in Ice Magic
  8708 | D:9      | Reached skill level 5 in Air Magic
  8708 | D:9      | Reached skill level 5 in Earth Magic
  8708 | D:9      | Reached skill level 5 in Poison Magic
  8898 | D:9      | Found a corrupted altar of Lugonu.
  9011 | D:9      | Noticed Harold
  9034 | D:9      | Killed Harold
  9106 | D:9      | Found a faded altar of an unknown god.
  9115 | D:9      | Found a faded altar of an unknown god.
  9116 | D:9      | Found a hazy altar of Hepliaklqana.
  9116 | D:9      | Found a faded altar of an unknown god.
  9243 | D:9      | Found a shadowy altar of Dithmenos.
  9471 | D:9      | Found an iron altar of Okawaru.
  9653 | D:10     | Entered Level 10 of the Dungeon
  9698 | Lair:1   | Entered Level 1 of the Lair of Beasts
  9765 | Lair:1   | HP: 1/83 [blink frog (5)]
 10207 | Lair:1   | Noticed Fannar
 10229 | Lair:1   | Killed Fannar
 10251 | Lair:1   | Reached XP level 12. HP: 91/91 MP: 22/22
 10937 | Lair:2   | Noticed Gastronok
 11076 | Lair:2   | Found a staircase to the Swamp.
 11459 | Lair:2   | Killed Gastronok
 11798 | Lair:3   | Noticed a four-headed hydra
 11818 | Lair:3   | Killed a four-headed hydra
 11819 | Lair:3   | Reached skill level 10 in Dodging
 11819 | Lair:3   | Reached skill level 10 in Stealth
 11881 | Lair:3   | Noticed Kirke
 12140 | Lair:3   | Found a staircase to the Shoals.
 12416 | Lair:3   | Noticed Sonja
 12719 | Lair:4   | Reached XP level 13. HP: 56/98 MP: 24/24
 13144 | Lair:4   | Found a burning altar of Makhleb.
 13602 | Lair:5   | Found a dark tunnel.
 13609 | Volcano  | Entered a volcano
 13924 | Lair:5   | Found a staircase to the Spriggan Forest.
 14620 | Lair:5   | Learned a level 4 spell: Petrify
 14626 | Lair:5   | Learned a level 5 spell: Lee's Rapid Deconstruction
 14627 | Lair:6   | Entered Level 6 of the Lair of Beasts
 14944 | Lair:6   | Noticed a dire elephant
 15323 | Lair:5   | Learned a level 2 spell: Sticks to Snakes
 15603 | Lair:6   | HP: 5/100 [anaconda (3)]
 15611 | Lair:6   | HP: 1/100 [anaconda (7)]
 15611 | Lair:6   | Slain by an anaconda

Skill      XL: |  1  2  3  4  5  6  7  8  9 10 11 12 13 |
---------------+----------------------------------------+-----
Invocations    | 1 2 3 4 5 6 7 8 9 |  9.2
Short Blades   | 1 2 3 4 5 6 7 8 |  8.4
Long Blades    | 1 2 3 4 5 6 7 8 |  8.4
Axes           | 1 2 3 4 5 6 7 8 |  8.4
Polearms       | 1 2 3 4 5 6 7 8 |  8.4
Staves         | 1 2 3 4 5 6 7 8 |  8.4
Slings         | 1 2 3 4 5 6 7 8 |  8.4
Bows           | 1 2 3 4 5 6 7 8 |  8.4
Crossbows      | 1 2 3 4 5 6 7 8 |  8.4
Throwing       | 1 2 3 4 5 6 7 8 |  8.4
Armour         | 1 2 3 4 5 6 7 8 |  8.4
Shields        | 1 2 3 4 5 6 7 8 |  8.4
Unarmed Combat | 1 2 3 4 5 6 7 8 |  8.4
Spellcasting   | 1 2 3 4 5 6 7 8 |  8.4
Evocations     | 1 2 3 4 5 6 7 8 |  8.4
Conjurations   | 1 2 3 4 5 6 7 |  7.0
Hexes          | 1 2 3 4 5 6 7 |  7.0
Charms         | 1 2 3 4 5 6 7 |  7.0
Summonings     | 1 2 3 4 5 6 7 |  7.0
Necromancy     | 1 2 3 4 5 6 7 |  7.0
Translocations | 1 2 3 4 5 6 7 |  7.0
Transmutations | 1 2 3 4 5 6 7 |  7.0
Fire Magic     | 1 2 3 4 5 6 7 |  7.0
Ice Magic      | 1 2 3 4 5 6 7 |  7.0
Air Magic      | 1 2 3 4 5 6 7 |  7.0
Earth Magic    | 1 2 3 4 5 6 7 |  7.0
Poison Magic   | 1 2 3 4 5 6 7 |  7.0
Fighting       | 3 4 5 6 7 8 |  8.9
Maces & Flails | 3 4 5 6 7 8 |  8.9
Dodging        | 7 8 9 10 | 10.6
Stealth        | 7 8 9 10 | 10.6

Action                   |  1- 3 |  4- 6 |  7- 9 | 10-12 | 13-15 || total
-------------------------+-------+-------+-------+-------+-------++-------
Melee: Whip              |    92 |       |       |       |       ||    92
       Bite              |    12 |    15 |    46 |   117 |    28 ||   218
       Dagger            |    28 |   178 |   409 |   501 |       ||  1116
       Unarmed           |       |     7 |       |       |     8 ||    15
       Punch             |       |     3 |     6 |     6 |     5 ||    20
       War axe           |       |       |       |   272 |   271 ||   543
       Quarterstaff      |       |       |       |     7 |       ||     7
 Fire: Blowgun           |       |     9 |       |       |     7 ||    16
Throw: Tomahawk          |       |       |    15 |    59 |    64 ||   138
       Stone             |       |       |       |       |    18 ||    18
 Cast: Sticks to Snakes  |       |       |       |       |     9 ||     9
       Petrify           |       |       |       |       |     9 ||     9
Invok: Potion Petition   |       |       |       |     1 |     3 ||     4
Evoke: Wand              |       |       |       |     5 |     5 ||    10
  Use: Scroll            |     2 |     2 |    12 |     5 |     3 ||    24
       Potion            |       |       |       |    10 |     3 ||    13
 Stab: Sleeping          |     7 |    10 |    31 |     9 |     1 ||    58
       Distracted        |       |       |       |     2 |     4 ||     6
       Petrified         |       |       |       |       |    11 ||    11
       Petrifying        |       |       |       |       |     1 ||     1
  Eat: Chunk             |     3 |     1 |       |       |       ||     4
       Ration            |       |     3 |     5 |    12 |     5 ||    25
Armor: Robe              |    31 |    46 |    69 |    54 |       ||   200
       Skin              |       |     3 |       |     3 |       ||     6
       Chain mail        |       |       |       |    64 |       ||    64
       Scale mail        |       |       |       |   158 |   144 ||   302
Dodge: Dodged            |    98 |   148 |   244 |   388 |   254 ||  1132
Block: Medium shield     |       |       |       |   237 |   114 ||   351
